 Dungeon Crawl Stone Soup version 0.23-a0-488-g5fd82c5 (webtiles) character file.

16 Amnesiac the Sneak (level 2, -3/13 HPs)
             Began as a Spriggan Enchanter on Dec 2, 2018.
             Slain by an adder (5 damage)
             ... on level 2 of the Dungeon.
             The game lasted 00:01:43 (531 turns).

Amnesiac the Sneak (Spriggan Enchanter)              Turns: 531, Time: 00:01:43

Health: -3/13      AC:  2    Str:  4    XL:     2   Next: 41%
Magic:  4/7        EV: 18    Int: 16    God:
Gold:   33         SH:  0    Dex: 16    Spells: 4/7 levels left

rFire    . . .     SeeInvis +   a - +1 dagger
rCold    . . .     Gourm    .   (shield restricted)
rNeg     . . .     Faith    .   b - +0 robe
rPois    .         Spirit   .   (helmet restricted)
rElec    .         Reflect  .   (no cloak)
rCorr    .         Harm     .   (gloves unavailable)
MR       .....                  (boots unavailable)
Stlth    +++.......             (no amulet)
HPRegen  0.04/turn              (no ring)
MPRegen  0.10/turn              (no ring)

@: lethally poisoned (-3 -> -5), very quick
A: very small, unfitting armour, see invisible, herbivore, speed 3, slow
metabolism 2
a: no special abilities


You were on level 2 of the Dungeon.
You were not hungry.

You visited 1 branch of the dungeon, and saw 2 of its levels.

You collected 33 gold pieces.

Inventory:

Hand Weapons
 a - a +1 dagger (weapon)
Armour
 b - a +0 robe (worn)
Scrolls
 f - 2 scrolls of remove curse {!r, unknown}
 h - a scroll of immolation {!r, unknown}
 i - a scroll of identify {!r, unknown}
Potions
 c - a potion of haste {!q, unknown}
 e - a potion of resistance {!q, unknown}
 g - a potion of flight {!q, unknown}
Comestibles
 d - 3 rations


   Skills:
 + Level 1.5 Short Blades
 + Level 3.3 Dodging
 + Level 4.7 Stealth
 + Level 3.0 Spellcasting
 + Level 3.8 Hexes


You had 4 spell levels left.
You knew the following spells:

 Your Spells              Type           Power        Failure   Level  Hunger
a - Ensorcelled Hibernat  Hex/Ice        #.....       13%         2    ##.....
b - Corona                Hex            ##.....      3%          1    #......

Your spell library contained the following spells:

 Spells                   Type           Power        Failure   Level  Hunger
 Confuse                  Hex            ##......     12%         3    ###....
 Tukima's Dance           Hex            ##......     12%         3    ###....
 Dazzling Spray           Conj/Hex       #.....       26%         3    ###....


Dungeon Overview and Level Annotations

Branches:
Dungeon (2/15)

Altars:
Ashenzari

Annotations:
D:2 Robin


Innate Abilities, Weirdness & Mutations

You are very small and have problems with some larger weapons.
You are too small for most types of armour.
You have supernaturally acute eyesight. (SInv)
You are a herbivore.
You cover ground extremely quickly.
You need to consume almost no food.


Message History

You start resting.
The adder is too close now for your liking.
An adder is nearby!
Casting: Ensorcelled Hibernation (safe; 13% risk of failure)
Confirm with . or Enter, or press ? or * to list all spells.
Aiming: Ensorcelled Hibernation (safe; 13% risk of failure)
Press: ? - help, Shift-Dir - straight line, f - adder
Aim: an adder (hasn't noticed you, chance to defeat MR: 49%)
The adder hisses angrily.
The adder looks drowsy...
A hobgoblin comes into view.
You hit the adder.
The adder is moderately wounded.
The adder completely misses you. The adder misses you.
Casting: Ensorcelled Hibernation (safe; 13% risk of failure)
Confirm with . or Enter, or press ? or * to list all spells.
You don't know that spell.
Unknown command.
Casting: Ensorcelled Hibernation (safe; 13% risk of failure)
Confirm with . or Enter, or press ? or * to list all spells.
Aiming: Ensorcelled Hibernation (safe; 13% risk of failure)
Press: ? - help, Shift-Dir - straight line, f - hobgoblin, p - adder
Aim: a hobgoblin (chance to defeat MR: 57%)
The hobgoblin resists with significant effort.
The adder barely misses you.
Unknown command.
Casting: Ensorcelled Hibernation (safe; 13% risk of failure)
Confirm with . or Enter, or press ? or * to list all spells.
You don't know that spell.
Unknown command.
Unknown command.
You closely miss the adder.
The adder is lightly wounded.
The adder barely misses you.
You miss the adder.
The adder is lightly wounded.
The adder bites you.
You are poisoned.
The adder poisons you!
You closely miss the adder.
The adder is lightly wounded.
You feel sick. The adder bites you.
* * * LOW HITPOINT WARNING * * *
The adder misses you.
You hit the hobgoblin.
The hobgoblin is heavily wounded.
The adder barely misses you. The hobgoblin closely misses you.
You hit the hobgoblin.
The hobgoblin is severely wounded.
The adder misses you.
The hobgoblin hits you but does no damage.
The adder completely misses you.
* * * LOW HITPOINT WARNING * * *
You feel sick.
Things that are here:
a +0 club; a goblin corpse
Found a scroll labeled BOEHONGAIT.
* * * LOW HITPOINT WARNING * * *
You feel sick.
You see here a scroll labeled BOEHONGAIT {!r}.
i - a scroll labeled BOEHONGAIT {!r} The adder bites you.
You die...

#.............#
.....
###.###.......#
.... ...(.........
....
##.##.#####.###..
... ...... .. #.
.. .....### ..#S
#.##...### ####
#.##.....###...
#@##g......#._.
#S##.....###...###
#.##)..###.#####.#
#.g.)###....#.#...
#..........##.##..
#..........#...#..
#.........##...##.
#.........#.....#.
#.........#...†.#.


You could see an adder and a hobgoblin.

Vanquished Creatures
  An ooze (D:2)
  A leopard gecko (D:1)
  3 goblins (D:2)
  A hobgoblin (D:2)
  2 kobolds (D:1)
  2 frilled lizards (D:2)
  A rat (D:1)
11 creatures vanquished.

Notes
Turn   | Place    | Note
-------+----------+-------------------------------------------
     0 | D:1      | Amnesiac the Spriggan Enchanter began the quest for the
                  | Orb.
     0 | D:1      | Reached XP level 1. HP: 9/9 MP: 5/5
   386 | D:2      | Noticed Robin
   405 | D:2      | Found a shattered altar of Ashenzari.
   408 | D:2      | Reached XP level 2. HP: 13/13 MP: 6/6
   436 | D:2      | Learned a level 2 spell: Ensorcelled Hibernation
   531 | D:2      | Slain by an adder

Vault maps used:
D:1:      minmay_arrival_five_plusses
D:2:      nicolae_ashenzari_panopticon, nicolae_overflow_crystal_walls,
          tgw_trog, minmay_pentomino_z2, uniq_robin, uniq_sigmund, uniq_jessica

Skill      XL: |  1  2 |
---------------+-------+-----
Spellcasting   | 3 |  3.0
Short Blades   | |  1.5
Dodging        | |  3.3
Stealth        | |  4.7
Hexes          | |  3.8

Action                   || total
-------------------------++-------
Melee: Dagger            ||    26
 Cast: Corona            ||     3
       Ensorcelled Hiber ||     5
 Stab: Sleeping          ||     6
       Distracted        ||     1
Armor: Robe              ||     1
Dodge: Dodged            ||    22

Table legend:
 A = Non-vault XP
 B = Vault XP
 C = Vault XP percentage of total XP
 D = Non-vault monster count
 E = Vault monster count
 F = Vault count percentage of total count
                 A         B        C        D         E       F
            +---------+---------+-------+---------+---------+-------
      Total |      16 |       8 |  33.3 |       7 |       4 |  36.4
            +---------+---------+-------+---------+---------+-------
        D:1 |       8 |       0 |   0.0 |       4 |       0 |   0.0
        D:2 |       8 |       8 |  50.0 |       3 |       4 |  57.1
            +---------+---------+-------+---------+---------+-------
